 Dungeon Crawl Stone Soup version 0.29.0-4-gdea44cf6ec (webtiles) character file.

Game seed: 10310634085781071623

286 NinjaNoafa the Chiller (level 6, -8/45 HPs)
             Began as a Draconian Ice Elementalist on Aug 25, 2022.
             Mangled by a mummy (10 damage)
             ... in an ossuary on Aug 26, 2022.
             The game lasted 00:13:09 (2858 turns).

NinjaNoafa the Chiller (Draconian Ice Elementalist) Turns: 2858, Time: 00:13:09

Health: -8/45      AC: 12    Str: 10    XL:     6   Next: 8%
Magic:  6/10       EV: 12    Int: 18    God:
Gold:   114        SH:  0    Dex: 11    Spells: 10/11 levels left

rFire   . . .      SeeInvis .   n - +0 dagger (protect)
rCold   . . .      Faith    .   (no shield)
rNeg    . . .      Spirit   .   (body armour unavailable)
rPois   .          Reflect  .   (helmet restricted)
rElec   .          Harm     .   b - +2 cloak
rCorr   .          Rampage  .   (no gloves)
Will    .....                   l - +2 pair of boots
Stlth   ++........              (no amulet)
HPRegen 0.15/turn               (no ring)
MPRegen 0.12/turn               (no ring)

@: marked
A: AC +6, unfitting armour, cold-blooded
a: no special abilities


You were in an ossuary.
You visited 1 branch of the dungeon, and saw 4 of its levels.
You also visited: Ossuary.

You collected 114 gold pieces.

Inventory:

Hand Weapons
 n - a +0 dagger of protection (weapon)
Missiles
 d - 4 javelins
 e - 5 poisoned darts
 k - 22 stones
Armour
 b - a +2 cloak (worn)
 l - a +2 pair of boots (worn)
Jewellery
 h - a +4 ring of evasion
Scrolls
 f - a scroll of teleportation


   Skills:
 - Level 1.7 Dodging
 - Level 1.7 Stealth
 - Level 3.0 Spellcasting
 + Level 6.9 Ice Magic


You had 10 spell levels left.
You knew the following spells:

 Your Spells              Type           Power      Damage    Failure   Level
a - Freeze                Ice            100%       1d11      1%          1

Your spell library contained the following spells:

 Spells                   Type           Power      Damage    Failure   Level
 Frozen Ramparts          Ice            54%        1d9       2%          3
 Ozocubu's Armour         Ice            27%        N/A       2%          3
 Poisonous Vapours        Pois/Air       4%         N/A       24%         2
 Hailstorm                Conj/Ice       15%        3d5       36%         4
 Metabolic Englaciation   Hex/Ice        7%         N/A       73%         5
 Corpse Rot               Necr/Pois/Air  2%         N/A       85%         4
 Simulacrum               Ice/Necr       7%         N/A       99%         6


Dungeon Overview and Level Annotations

Branches:
Dungeon (4/15)             Temple (0/1) D:4         Ossuary (1/1)

Altars:

Annotations:
D:3 2 transporters, themarg's ghost, novice GnWn


Innate Abilities, Weirdness & Mutations

Your plain brown scales are hard. (AC +6)
You cannot fit into any form of body armour.
You are cold-blooded and may be slowed by cold attacks.


Message History

The centaur zombie fails to trigger a net trap.
The centaur zombie misses you. The centaur zombie barely misses you.
You hit the mummy but do no damage.
You tail-slap the mummy, but do no damage.
The mummy is heavily damaged.
The centaur zombie hits you but does no damage.
The centaur zombie kicks you but does no damage.
The mummy barely misses you. The hobgoblin zombie barely misses you.
You barely miss the mummy.
The mummy is heavily damaged.
The centaur zombie hits you but does no damage.
The centaur zombie kicks you but does no damage.
The centaur zombie hits you but does no damage.
The centaur zombie kicks you but does no damage.
The mummy misses you. The hobgoblin zombie hits you.
* * * LOW HITPOINT WARNING * * *
A hobgoblin zombie comes into view.
Press: ? - help, v - describe, . - travel A gate leading back out of this place.
The centaur zombie hits you but does no damage.
The centaur zombie barely misses you.
The centaur zombie fails to trigger a net trap.
A centaur zombie comes into view.
The centaur zombie hits you but does no damage.
The centaur zombie kicks you but does no damage.
The centaur zombie hits you.
* * * LOW HITPOINT WARNING * * *
The centaur zombie closely misses you.
A hobgoblin zombie comes into view.
The centaur zombie barely misses you. The centaur zombie kicks you.
* * * LOW HITPOINT WARNING * * *
The centaur zombie hits you but does no damage.
The centaur zombie kicks you but does no damage.
The centaur zombie fails to trigger a net trap.
A hobgoblin zombie comes into view.
The centaur zombie hits you.
* * * LOW HITPOINT WARNING * * *
The centaur zombie kicks you but does no damage.
The mummy hits you!
You die...

#####
##...##
#.....#
#.....#
#.....#
#.....#
#..ZZ.#
#.MZZ.#
#..@..#
#..Z..#
#.Z^..#
#...^.#
..^..^.#
##Z.^.^##
..Z....
##.....##


You could see a mummy, 4 hobgoblin zombies and 4 centaur zombies.

Vanquished Creatures
  A black bear (D:3)
  An iguana (D:2)
  2 orc wizards (D:3)
  2 mummies (Ossuary)
  3 adders
  A worm (D:3)
  A dart slug (D:2)
  2 orcs (D:3)
  3 bats
  6 endoplasms
  4 giant cockroaches
  4 goblins
  9 hobgoblins
  4 jackals (D:3)
  5 ball pythons
  2 frilled lizards (D:1)
  7 kobolds
  2 rats
59 creatures vanquished.

Notes
Turn   | Place    | Note
-------+----------+-------------------------------------------
     0 | D:1      | NinjaNoafa the Draconian Ice Elementalist began the quest
                  | for the Orb.
     0 | D:1      | Reached XP level 1. HP: 14/14 MP: 3/3
   213 | D:1      | Reached XP level 2. HP: 20/20 MP: 3/5
   528 | D:1      | You fall into a shaft and drop 1 floor!
   606 | D:2      | Reached XP level 3. HP: 26/26 MP: 2/7
  1089 | D:2      | Reached skill level 5 in Ice Magic
  1455 | D:2      | Reached XP level 4. HP: 33/33 MP: 3/8
  1818 | D:3      | Found a transporter.
  1820 | D:3      | Noticed themarg's ghost (novice GnWn)
  1821 | D:3      | Found a transporter.
  1821 | D:3      | Identified the +11 dire flail of Nidiav {freeze, Will+}
  1821 | D:3      | Noticed an ogre
  1953 | D:3      | Noticed a black bear
  1965 | D:3      | Killed a black bear
  1966 | D:3      | Reached skill level 6 in Ice Magic
  1966 | D:3      | Reached XP level 5. HP: 29/38 MP: 9/9
  2508 | D:3      | Upgraded the game from 0.29.0-3-gbb0933ed62 to
                  | 0.29.0-4-gdea44cf6ec
  2804 | D:4      | Found a sand-covered staircase.
  2814 | Ossuary  | Entered an ossuary
  2822 | Ossuary  | Reached XP level 6. HP: 21/45 MP: 4/10
  2858 | Ossuary  | HP: 2/45 [centaur zombie (3)]
  2858 | Ossuary  | Mangled by a mummy

Illustrated notes

Levels and vault maps discovered:
D:1:      tarquinn_simple_flora_water_b, layout_loops_ring,
          shapermc_ecumenical_altar_mp_highgroup, minmay_hexomino_f4
D:2:      layout_basic
D:3:      layout_basic, gammafunk_ghost_smash
D:4:      layout_loops_ring, okawaru_gym_becter, minmay_temple_entry_mist,
          lightli_ossuary_entry_decrepit_ruins
Ossuary:  ossuary_the_hunt_dpeg

Skill      XL: |  1  2  3  4 |
---------------+-------------+-----
Spellcasting   | 3 |  3.0
Ice Magic      | 5 6 |  6.9
Dodging        | |  1.7
Stealth        | |  1.7

Action                   |  1- 3 |  4- 6 || total
-------------------------+-------+-------++-------
Melee: Unarmed           |     1 |       ||     1
       Dagger            |     1 |    27 ||    28
       Tailslap          |       |     5 ||     5
Throw: Javelin           |       |     6 ||     6
       Dart              |       |     5 ||     5
 Cast: Freeze            |    46 |    53 ||    99
  Use: Potion            |       |     8 ||     8
       Scroll            |       |     9 ||     9
Armor: Skin              |    11 |    41 ||    52
Dodge: Dodged            |    28 |    54 ||    82
